 Dungeon Crawl Stone Soup version 0.19.5 (webtiles) character file.

507220 McKennaii the Hoplite (level 23, -8/225 HPs)
             Began as a Minotaur Fighter on May 3, 2017.
             Was a High Priest of Okawaru.
             Splashed by an acid blob's acid (13 damage)
             ... on level 5 of the Pits of Slime.
             The game lasted 04:27:17 (54213 turns).

McKennaii the Hoplite (Minotaur Fighter)           Turns: 54213, Time: 04:27:18

Health: -8/225     AC:  4    Str: 28    XL:     23   Next: 86%
Magic:  0/36       EV: 17    Int:  5    God:    Okawaru [*****.]
Gold:   676        SH:  0    Dex: 21    Spells: 0 memorised, 22 levels left

rFire  + + +     SeeInvis .     i - +5 broad axe (elec)
rCold  + + .     Gourm    .     c - +3 gold dragon scales
rNeg   . . .     Faith    .     Z - +2 large shield {reflect}
rPois  +         Spirit   +     q - +5 hat "Beyned" {-Cast rElec MR+++ MP+9}
rElec  +         Reflect  +     x - +0 cloak of Levity {rF+ Slay+3}
rCorr  .         Harm     .     B - +3 pair of gauntlets of War {Slay+5}
MR     ++++.     NoCast   +     S - +2 pair of boots of the Assassin {DetectMon Stab+ Stlth++}
Stlth  ..........               M - amulet of guardian spirit
                                N - +5 ring of dexterity
                                E - ring of Lianoos {rPois rF+ rC+ Str+3 Stlth+}

@: confused, heroism, finesse, corroded, studying 2 skills
A: retaliatory headbutt, horns 2, blurry vision 1, deformed body, low mp 1,
subdued magic 1, MP-powered wands
a: Heroism, Finesse, Renounce Religion
}: 3/15 runes: decaying, serpentine, silver


You were on level 5 of the Pits of Slime.
You worshipped Okawaru.
Okawaru was extremely pleased with you.
You were not hungry.

You visited 9 branches of the dungeon, and saw 45 of its levels.
You also visited: Trove and Ice Cave.

You collected 6048 gold pieces.
You spent 5372 gold pieces at shops.

Inventory:

Hand Weapons
 a - a +8 hand crossbow of flaming
 i - a +5 broad axe of electrocution (weapon)
Missiles
 u - 1222 bolts
Armour
 c - +3 gold dragon scales (worn)
 q - the +5 hat "Beyned" (worn) {-Cast rElec MR+++ MP+9}
   (You found it in a treasure trove)

   It insulates you from electricity.
   It affects your resistance to hostile enchantments.
   It affects your magic capacity (+9).
   It prevents spellcasting.
 v - a +0 pair of boots of flying
 x - the +0 cloak of Levity (worn) {rF+ Slay+3}
   (You found it in a treasure trove)

   It affects your accuracy and damage with ranged weapons and melee attacks
   (+3).
   It protects you from fire.
 B - the +3 pair of gauntlets of War (worn) {Slay+5}
   (You found it in a treasure trove)

   It affects your accuracy and damage with ranged weapons and melee attacks
   (+5).
 S - the +2 pair of boots of the Assassin (worn) {DetectMon Stab+ Stlth++}
   (You found it in a treasure trove)

   It makes you much more stealthy.
 Z - a +2 large shield of reflection (worn)
Jewellery
 o - an uncursed ring of see invisible
 p - an uncursed ring of positive energy
 E - the ring of Lianoos (left hand) {rPois rF+ rC+ Str+3 Stlth+}
   (You bought it in a shop on level 2 of the Snake Pit)

   [ring of poison resistance]

   It affects your strength (+3).
   It protects you from fire.
   It protects you from cold.
   It protects you from poison.
   It makes you more stealthy.
 M - an amulet of guardian spirit (around neck)
 N - a +5 ring of dexterity (right hand)
 W - an uncursed ring of protection from magic
Wands
 j - a wand of paralysis (24/24)
 F - a wand of digging (24/24)
 I - a wand of teleportation (4/9)
Scrolls
 e - 19 scrolls of identify
 g - 6 scrolls of fear
 h - 7 scrolls of magic mapping
 k - 4 scrolls of holy word
 m - 5 scrolls of teleportation
 y - 13 scrolls of remove curse
 K - 3 scrolls of summoning
 Q - a scroll of blinking
 R - 9 scrolls of fog
Potions
 d - 5 potions of might
 l - 8 potions of haste
 s - 22 potions of curing
 w - 3 potions of ambrosia
 A - 4 potions of agility
 C - 3 potions of heal wounds (quivered)
 D - 2 potions of cancellation
 G - 3 potions of berserk rage
 J - 12 potions of brilliance
 O - 2 potions of magic
 P - a potion of resistance
 X - 2 potions of invisibility
Books
 r - a manual of Crossbows
 Y - a manual of Invocations
Comestibles
 f - 17 bread rations
 V - a slice of pizza


   Skills:
 + Level 22.8(27) Fighting
 + Level 23.1(27) Axes
 * Level 16.7(21.7) Crossbows
 + Level 16.0(21.0) Armour
 + Level 10.9(15.9) Dodging
 + Level 4.4(9.4) Stealth
 + Level 24.3(27) Shields
 * Level 10.9 Invocations
 + Level 0.1 Evocations


You had 22 spell levels left.
You didn't know any spells.

Dungeon Overview and Level Annotations

Branches:
Dungeon (15/15)            Temple (1/1) D:7            Lair (6/6) D:8
  Swamp (4/4) Lair:4        Snake (4/4) Lair:4        Slime (5/5) Lair:5
    Orc (2/2) D:11            Elf (3/3) Orc:2        Vaults (5/5) D:14
  Crypt (0/3) Vaults:3     Depths (0/5) D:15

Altars:
Ashenzari
Cheibriados
Dithmenos
Elyvilon
Fedhas
Gozag
Hepliaklqana
Kikubaaqudgha
Makhleb
Nemelex Xobeh
Okawaru
Qazlal
Ru
Sif Muna
Trog
Uskayaw
Vehumet
Xom
Yredelemnul
Zin
The Shining One
Jiyva
Lugonu

Shops:
D:9 *   Orc:1 [   Orc:2 (?:!   Snake:2 ==}   Snake:3 :   Vaults:3 !

Portals:
Pandemonium: Orc:2

Annotations:
Slime:5 Royal Jelly
Elf:1 exclusion: 4 lightning spires


Innate Abilities, Weirdness & Mutations

You reflexively headbutt those who attack you in melee.
You have a pair of horns on your head.
Scrolls take you a little longer to read.
Armour fits poorly on your strangely shaped body.
Your magical capacity is low. (-10% MP)
Your spells are a little easier to cast, but a little less powerful.
You expend magic power (3 MP) to strengthen your wands.


Message History

You block the Royal Jelly's attack. x2
As you read the scroll of fear, it crumbles to dust.
You assume a fearsome visage.
The slime creature looks frightened!
The Royal Jelly resists with some effort.
The acid blob resists with almost no effort.
The golden eye looks frightened!
The acid blob resists with almost no effort.
The azure jelly looks frightened!
The acid blob resists with almost no effort.
Unknown command.
Okay, then.
Okay, then.
Okay, then.
You are confused.
You feel invigorated.
The golden eye blinks!
The acid blob spits acid at you. The splash of acid hits you!
* * * LOW HITPOINT WARNING * * *
The acid corrodes you!
You are splashed with acid!
The acid burns!
You die...

..................#
....................##
.....JJ..............##
.......(..............#
......................#
...........J.........###
..#.#.....J...J........#
### ##.........J........
.# ##........ยง@.......
{# #........J........ J#
##................ ##
###...J.......... .#
#..G............ J#
#............... G#
##.............. J. {
............... _.# {


You could see the Royal Jelly, 3 acid blobs, an azure jelly (fleeing), a slime
creature (fleeing) and a golden eye (fleeing).

Vanquished Creatures
  Mennas (Vaults:2)
  An ancient lich (Vaults:5)
  Boris (twice) (Vaults:2 Vaults:5)
  Saint Roka (Vaults:2)
  A golden dragon (Vaults:5)
  Nikola (Swamp:4)
  3 tentacled monstrosities
  Asterion (Snake:1)
  Jorgrun (Swamp:3)
  A deep elf master archer (Elf:3)
  A quicksilver dragon (Vaults:5)
  8 titans (Vaults:5)
  2 deep elf blademasters (Elf:3)
  20 acid blobs
  2 sphinxes
  Frances (Snake:1)
  Donald (Swamp:3)
  A tengu reaver (Vaults:5)
  A storm dragon (Vaults:5)
  4 shadow dragons (Vaults:5)
  9 nagarajas
  13 azure jellies
  4 thorn hunters
  4 fire giants
  A revenant (Vaults:3)
  4 frost giants (Vaults:5)
  4 deep elf sorcerers
  2 iron dragons (Vaults:5)
  Louise (D:15)
  3 deep elf elementalists (Elf:3)
  Aizul (Snake:1)
  An orc warlord (Orc:1)
  17 vault wardens
  8 stone giants
  3 war gargoyles (Vaults:5)
  16 ironheart preservers
  2 entropy weavers (Vaults:4)
  7 deep elf demonologists
  11 very ugly things
  A vampire knight (Vaults:3)
  5 deep elf annihilators
  Snorg (D:14)
  6 deep elf death magi
  7 ettins
  4 death oozes
  6 yaktaur captains
  Josephine (Snake:1)
  9 great orbs of eyes
  3 deep elf high priests
  33 vault guards
  Erolcha (D:10)
  4 ghost crabs
  4 fire dragons
  12 anacondas
  18 naga warriors
  4 rakshasas
  Harold (Lair:2)
  A catoblepas (Lair:6)
  24 hydras
  The ghost of letownia the Thaumaturge, a journeyman OpWz of Gozag (Orc:2)
  10 ogre magi
  A queen ant (D:11)
  4 ice dragons
  4 death knights
  9 centaur warriors
  19 alligators
  2 deep troll shamans
  30 dancing weapons
  A queen ant (shapeshifter) (Vaults:5)
  4 orc high priests (Orc:2)
  9 shock serpents
  16 naga sharpshooters
  3 skeletal warriors (D:15)
  7 spriggans
  18 deep elf knights
  A sun demon (Orc:2)
  5 sea snakes (Snake:3)
  A hell knight (Vaults:5)
  A storm dragon skeleton (Vaults:3)
  A death drake (Elf:1)
  A fire crab (shapeshifter) (Vaults:3)
  2 unseen horrors
  4 spriggan druids
  A salamander mystic (Snake:3)
  3 flayed ghosts
  A sixfirhy (Orc:2)
  4 wizards
  An infernal demonspawn (Orc:2)
  2 gelid demonspawn (Orc:2)
  7 deep trolls
  3 naga ritualists
  14 deep elf archers
  A torturous demonspawn (Orc:2)
  7 hill giants
  7 swamp dragons
  3 glowing orange brains
  18 ironbrand convokers
  7 shambling mangroves
  A phantasmal warrior (Vaults:3)
  A harpy (Vaults:3)
  6 necromancers
  3 oklob plants
  A fire giant zombie (Vaults:2)
  14 orc knights
  59 deep elf magi
  10 salamanders
  30 ugly things
  6 mana vipers
  4 wolf spiders
  2 worldbinders (Elf:1)
  2 manticores
  3 guardian serpents
  8 orc sorcerers
  6 shining eyes
  6 cyclopes
  2 human skeletons
  An ice statue (IceCv)
  A rust devil (Orc:2)
  Joseph (D:7)
  34 black mambas
  4 eyes of devastation
  30 naga magi
  9 vault sentinels
  26 spiny frogs
  2 gargoyles
  4 centaur skeletons
  2 human zombies
  An orange demon (Orc:2)
  4 komodo dragons
  29 yaktaurs
  A rime drake (Lair:4)
  19 freezing wraiths
  A kobold demonologist (Elf:1)
  3 yaktaur zombies
  2 efreet
  A redback zombie (D:15)
  A hellwing (Orc:2)
  A tengu conjurer (D:13)
  A troll (shapeshifter) (D:15)
  13 tyrant leeches
  3 polar bears
  A queen bee (shapeshifter) (Vaults:5)
  9 trolls
  A jumping spider (Vaults:4)
  A sphinx simulacrum (Vaults:1)
  19 two-headed ogres
  14 bog bodies
  Grinder (D:4)
  2 dream sheep (D:11)
  23 hornets
  4 blink frogs (Lair:4)
  A hippogriff (shapeshifter) (Vaults:2)
  7 hippogriffs
  104 slime creatures
  4 air elementals
  2 water elementals
  26 yaks
  4 shadows
  A tarantella (Elf:1)
  8 redbacks
  5 wyverns
  7 wraiths
  4 fire elementals
  A hog (Elf:1)
  5 basilisks
  4 hungry ghosts
  7 golden eyes
  A golden eye (shapeshifter) (Vaults:1)
  A steam dragon (Lair:2)
  A chaos spawn (Orc:2)
  20 humans (D:14)
  18 vampire mosquitoes
  A death yak simulacrum (IceCv)
  16 swamp worms
  3 mottled dragons
  7 insubstantial wisps
  A warg (Vaults:1)
  46 nagas
  9 soldier ants
  7 water moccasins
  A floating eye (shapeshifter) (Vaults:5)
  11 porcupines
  17 swamp drakes
  An alligator simulacrum (IceCv)
  54 orc warriors
  An ettin simulacrum (Vaults:1)
  11 eyes of draining
  6 sky beasts
  2 black bears (Lair:1)
  8 ice beasts
  A black bear (shapeshifter) (D:13)
  32 ogres
  7 wolves
  2 phantoms
  14 boggarts
  11 centaurs
  10 crocodiles
  4 big kobolds
  25 bullfrogs
  A deep troll simulacrum (Vaults:3)
  A water moccasin skeleton (D:6)
  3 scorpions
  An elephant simulacrum (IceCv)
  3 human simulacra
  12 killer bees
  17 wights
  5 electric eels
  A vampire bat (Elf:1)
  5 howler monkeys
  6 crimson imps
  3 draconian simulacra (IceCv)
  2 lava snakes (D:13)
  A quasit (D:10)
  3 centaur zombies
  9 hounds
  14 two-headed ogre zombies (Orc:1)
  13 jellies
  34 orc priests
  24 orc wizards
  2 bullfrog skeletons
  A gnoll shaman (Orc:2)
  5 iguanas
  2 spriggan simulacra (IceCv)
  3 troll simulacra (IceCv)
  28 worker ants
  7 hell rats (Lair:6)
  A polar bear simulacrum (IceCv)
  A killer bee zombie (D:10)
  3 centaur simulacra (IceCv)
  A howler monkey zombie (D:10)
  A howler monkey skeleton (D:5)
  11 gnolls
  5 naga simulacra (IceCv)
  4 ogre simulacra (IceCv)
  13 adders
  3 river rats (Lair:1)
  3 shadow imps
  12 white imps (IceCv)
  11 oozes
  An adder skeleton (D:5)
  3 worms (D:2)
  3 dart slugs
  10 leopard geckos
  107 orcs
  18 giant cockroaches
  5 hobgoblins
  5 jackals
  4 quokkas
  2 ball pythons (D:1)
  8 bats
  6 frilled lizards
  8 goblins
  2 jackal skeletons
  A jackal zombie (D:8)
  17 kobolds
  14 rats
  12 briar patches
  A bush (Lair:4)
  17 fungi
  46 plants
2080 creatures vanquished.

Vanquished Creatures (collateral kills)
  An unseen horror (D:14)
  An ugly thing (D:14)
  An ice beast (D:14)
3 creatures vanquished.

Vanquished Creatures (others)
  A deep elf master archer (Elf:3)
  4 stone giants
  4 yaktaur captains
  3 centaur warriors (Vaults:1)
  A dancing weapon (Elf:2)
  2 naga sharpshooters
  2 deep elf knights
  A deep elf archer (Vaults:5)
  A naga ritualist (Snake:4)
  3 deep elf magi
  A vault sentinel (Vaults:2)
  20 yaktaurs
  A slime creature (Slime:2)
  A sky beast (Elf:1)
  7 centaurs
  3 ball lightnings (Elf:1)
  An orc (D:13)
  7 fungi
  33 plants
96 creatures vanquished.

Grand Total: 2179 creatures vanquished

Notes
Turn   | Place    | Note
-------+----------+-------------------------------------------
     0 | D:1      | McKennaii the Minotaur Fighter began the quest for the Orb.
     0 | D:1      | Reached XP level 1. HP: 19/19 MP: 0/0
   133 | D:1      | Reached XP level 2. HP: 27/27 MP: 1/1
   469 | D:2      | Reached XP level 3. HP: 33/33 MP: 2/2
   522 | D:2      | Reached skill level 4 in Shields
   690 | D:2      | Reached XP level 4. HP: 4/40 MP: 3/3
  1087 | D:3      | Reached skill level 1 in Dodging
  1087 | D:3      | Reached XP level 5. HP: 46/46 MP: 4/4
  1681 | D:4      | Reached skill level 5 in Axes
  1906 | D:4      | Noticed Grinder
  1948 | D:4      | Paralysed by Grinder for 3 turns
  1962 | D:4      | Paralysed by Grinder for 6 turns
  2056 | D:4      | Killed Grinder
  2056 | D:4      | Reached skill level 5 in Armour
  2056 | D:4      | Reached skill level 5 in Shields
  2056 | D:4      | Reached XP level 6. HP: 48/53 MP: 5/5
  2262 | D:5      | Entered Level 5 of the Dungeon
  2292 | D:4      | Reached XP level 7. HP: 6/60 MP: 6/6
  2727 | D:5      | Reached skill level 5 in Fighting
  2818 | D:5      | Reached skill level 6 in Shields
  2943 | D:5      | Reached XP level 8. HP: 37/68 MP: 7/7
  3288 | D:5      | Found a bloodstained altar of Trog.
  4126 | D:6      | Reached skill level 7 in Shields
  4126 | D:6      | Reached XP level 9. HP: 54/78 MP: 8/8
  4428 | D:7      | Reached skill level 10 in Axes
  4527 | D:7      | Noticed Joseph
  4552 | D:7      | Killed Joseph
  4628 | D:7      | Reached skill level 8 in Shields
  4651 | D:7      | Found a staircase to the Ecumenical Temple.
  4660 | Temple   | Entered the Ecumenical Temple
  4732 | Temple   | Became a worshipper of Warmaster Okawaru
  5494 | D:8      | Reached * piety under Okawaru
  5520 | D:8      | Noticed a hill giant
  5529 | D:8      | Killed a hill giant
  5529 | D:8      | Reached skill level 9 in Shields
  5529 | D:8      | Reached XP level 10. HP: 86/86 MP: 9/9
  5546 | D:8      | Found a hazy altar of Hepliaklqana.
  5547 | D:8      | Found a staircase to the Lair.
  6536 | D:9      | Reached ** piety under Okawaru
  6667 | D:9      | Found Zeqa's Assorted Antiques.
  7089 | D:9      | Identified a scroll of acquirement
  7106 | D:10     | Entered Level 10 of the Dungeon
  7117 | D:10     | Noticed Erolcha
  7124 | D:10     | Killed Erolcha
  7553 | D:10     | Reached *** piety under Okawaru
  7851 | D:10     | Reached skill level 1 in Stealth
  7935 | D:10     | Noticed a cyclops
  7944 | D:10     | Killed a cyclops
  8294 | D:10     | Reached XP level 11. HP: 95/95 MP: 10/10
  8499 | D:10     | Noticed a centaur warrior
  8505 | D:10     | Killed a centaur warrior
  8505 | D:10     | Reached skill level 10 in Armour
  8514 | D:10     | Noticed a hill giant
  8527 | D:10     | Killed a hill giant
  8527 | D:10     | Reached **** piety under Okawaru
  8734 | D:10     | Noticed a four-headed hydra
  9004 | D:11     | Found a staircase to the Orcish Mines.
  9204 | D:11     | Noticed a five-headed hydra
  9242 | D:11     | Noticed an unseen horror
  9254 | D:11     | Killed an unseen horror
  9254 | D:11     | Reached ***** piety under Okawaru
  9393 | D:11     | Noticed a two-headed hydra
  9409 | D:11     | Reached skill level 10 in Shields
  9517 | D:11     | Noticed a centaur warrior
  9526 | D:11     | Killed a centaur warrior
  9526 | D:11     | Reached skill level 10 in Fighting
  9968 | D:12     | Found a bloodstained altar of Trog.
 10105 | D:12     | Received a gift from Okawaru
 10256 | D:12     | Found a portal to a secret trove of treasure.
 10381 | D:12     | Noticed a deep elf mage
 10397 | D:12     | Killed a deep elf mage
 10430 | D:12     | Reached XP level 12. HP: 62/107 MP: 7/11
 10745 | D:13     | Reached skill level 15 in Axes
 11077 | D:13     | Reached skill level 11 in Shields
 11285 | D:13     | Noticed a centaur warrior
 11294 | D:13     | Killed a centaur warrior
 11294 | D:13     | Received a gift from Okawaru
 11297 | D:13     | Got a bloodstained hand axe {god gift}
 11298 | D:13     | Identified the +0 hand axe of the Wraith {chop, Str+2} (Okawaru gifted it to you on level 13 of the Dungeon)
 11402 | D:14     | Noticed a centaur warrior
 11763 | D:14     | Found a corrupted altar of Lugonu.
 11788 | D:14     | Noticed a death knight
 11897 | D:14     | Killed a centaur warrior
 11987 | D:14     | Received a gift from Okawaru
 12053 | D:14     | Found a gate to the Vaults.
 12053 | D:14     | Noticed a vault guard
 12071 | D:14     | Killed a vault guard
 12071 | D:14     | Reached XP level 13. HP: 65/117 MP: 9/12
 12142 | D:14     | Reached skill level 1 in Invocations
 12193 | D:14     | Reached ****** piety under Okawaru
 12193 | D:14     | Reached skill level 12 in Shields
 12390 | D:14     | Noticed Snorg
 12528 | D:14     | Killed Snorg
 12779 | D:14     | Received a gift from Okawaru
 12991 | D:15     | Entered Level 15 of the Dungeon
 13207 | D:15     | Noticed a fire dragon
 13222 | D:15     | Killed a fire dragon
 13298 | D:15     | Found a staircase to the Depths.
 13484 | D:15     | Noticed Louise
 13506 | D:15     | Killed Louise
 14184 | D:15     | Reached skill level 13 in Shields
 14540 | Lair:1   | Entered Level 1 of the Lair of Beasts
 14669 | Lair:1   | Reached XP level 14. HP: 127/127 MP: 6/14
 14749 | Lair:1   | Received a gift from Okawaru
 15308 | Lair:2   | Noticed Harold
 15320 | Lair:2   | Killed Harold
 15512 | Lair:2   | Found a blossoming altar of Fedhas.
 17186 | Lair:4   | Received a gift from Okawaru
 17362 | Lair:4   | Found a staircase to the Snake Pit.
 17369 | Lair:4   | Found a staircase to the Swamp.
 18085 | Lair:5   | Found a sacrificial altar of Ru.
 18129 | Lair:5   | Found a runed door.
 18130 | Lair:5   | Found a viscous altar of Jiyva.
 18130 | Lair:5   | Noticed an acid blob
 18425 | Lair:5   | Found a staircase to the Slime Pits.
 18425 | Lair:5   | Noticed an acid blob
 18452 | Lair:6   | Entered Level 6 of the Lair of Beasts
 18516 | Lair:6   | Received a gift from Okawaru
 18517 | Lair:6   | Reached skill level 14 in Shields
 18691 | Lair:6   | Found a frozen archway.
 18700 | IceCv    | Entered an ice cave
 18961 | IceCv    | Found an ancient bone altar of Kikubaaqudgha.
 19642 | Lair:6   | Reached XP level 15. HP: 110/138 MP: 12/16
 19896 | Lair:6   | Got a brightly glowing ring mail
 19907 | Lair:6   | Identified the +4 ring mail of the King of the Hill {rPois rN+ Slay+2} (You found it on level 6 of the Lair of Beasts)
 20089 | Lair:5   | Killed an acid blob
 20089 | Lair:5   | Received a gift from Okawaru
 20091 | Lair:5   | Killed an acid blob
 20502 | Swamp:1  | Entered Level 1 of the Swamp
 20944 | Swamp:1  | Reached skill level 15 in Shields
 21570 | Swamp:2  | Received a gift from Okawaru
 21768 | Swamp:2  | Reached skill level 15 in Fighting
 22458 | Swamp:3  | Noticed a thorn hunter
 22475 | Swamp:3  | Killed a thorn hunter
 22578 | Swamp:3  | Received a gift from Okawaru
 22578 | Swamp:3  | Reached skill level 16 in Shields
 22579 | Swamp:3  | Got an encrusted hat {god gift}
 22586 | Swamp:3  | Identified the -3 hat "Forget-Me-Not" {Stlth+} (Okawaru gifted it to you on level 3 of the Swamp)
 22784 | Swamp:3  | Noticed Jorgrun
 22837 | Swamp:3  | Noticed Donald
 22851 | Swamp:3  | Killed Donald
 22854 | Swamp:3  | Got an ancient shield {Donald}
 22867 | Swamp:3  | Identified the +4 shield of the Moon {rN+} (You took it off Donald on level 3 of the Swamp)
 22997 | Swamp:3  | Killed Jorgrun
 22997 | Swamp:3  | Reached XP level 16. HP: 149/149 MP: 10/18
 23166 | Swamp:3  | Reached skill level 5 in Dodging
 23391 | Swamp:4  | Entered Level 4 of the Swamp
 23495 | Swamp:4  | Noticed Nikola
 23516 | Swamp:4  | Killed Nikola
 24426 | Swamp:4  | Reached skill level 5 in Invocations
 24653 | Swamp:4  | Received a gift from Okawaru
 24705 | Swamp:4  | Noticed a thorn hunter
 24720 | Swamp:4  | Reached skill level 17 in Shields
 24964 | Swamp:4  | Killed a thorn hunter
 25037 | Swamp:4  | Noticed a thorn hunter
 25050 | Swamp:4  | Killed a thorn hunter
 25240 | Swamp:4  | Got a decaying rune of Zot
 25363 | Swamp:3  | Noticed a thorn hunter
 25377 | Swamp:3  | Killed a thorn hunter
 25543 | Snake:1  | Entered Level 1 of the Snake Pit
 25612 | Snake:1  | Noticed Josephine
 25621 | Snake:1  | Killed Josephine
 25847 | Snake:1  | Noticed Asterion
 25865 | Snake:1  | Killed Asterion
 25865 | Snake:1  | Reached XP level 17. HP: 140/160 MP: 11/20
 26058 | Snake:1  | Noticed Aizul
 26073 | Snake:1  | Killed Aizul
 26239 | Snake:1  | Noticed Frances
 26254 | Snake:1  | Killed Frances
 26899 | Snake:2  | Received a gift from Okawaru
 27111 | Snake:2  | Found Losakh's Gadget Shoppe.
 27111 | Snake:2  | Found Gouqesho's Jewellery Boutique.
 27112 | Snake:2  | Found Uronub's Jewellery Boutique.
 27125 | Snake:2  | Bought the ring of Lianoos {rPois rF+ rC+ Str+3 Stlth+} for 851 gold pieces
 27268 | Snake:2  | Reached skill level 18 in Shields
 28237 | Snake:3  | Found Dukk's Book Boutique.
 28491 | Snake:4  | Entered Level 4 of the Snake Pit
 28875 | Snake:4  | Reached skill level 19 in Shields
 28888 | Snake:4  | Reached XP level 18. HP: 116/170 MP: 21/21
 29005 | Snake:4  | Received a gift from Okawaru
 30397 | Snake:4  | Got a serpentine rune of Zot
 31450 | Orc:1    | Entered Level 1 of the Orcish Mines
 31533 | Orc:1    | Found Orasap's Armour Shop.
 32168 | Orc:2    | Entered Level 2 of the Orcish Mines
 32387 | Orc:2    | Found a staircase to the Elven Halls.
 32543 | Orc:2    | Noticed letownia's ghost (journeyman OpWz)
 32554 | Orc:2    | Killed letownia's ghost
 32554 | Orc:2    | Received a gift from Okawaru
 32585 | Orc:2    | Found Keru's Magic Scroll Shop.
 32587 | Orc:2    | Found Kuth's Distillery.
 32611 | Orc:2    | Reached skill level 20 in Shields
 32965 | Orc:2    | Received a gift from Okawaru
 33057 | Orc:2    | Paralysed by an orc sorcerer for 5 turns
 33389 | Orc:2    | Found Illitar's Book Shoppe.
 33389 | Orc:2    | Found Qifopoak's Antique Weapon Emporium.
 33390 | Orc:2    | Found a one-way gate leading to the halls of Pandemonium.
 33820 | Orc:1    | You are sucked into a shaft!
 33842 | Elf:1    | Entered Level 1 of the Elven Halls
 34321 | Elf:1    | Found a deep blue altar of Sif Muna.
 34390 | Elf:1    | Reached XP level 19. HP: 181/181 MP: 21/23
 34511 | Elf:1    | Identified Sif Muna's Disquisition on Transformation
 34848 | Elf:1    | Received a gift from Okawaru
 34864 | Elf:1    | Identified the Handbook of the Entourage
 34876 | Elf:1    | Got a smoking chain mail {god gift}
 34895 | Elf:1    | Identified the +7 chain mail of Okawaru's Displeasure {rPois} (Okawaru gifted it to you on level 1 of the Elven Halls)
 35029 | Elf:1    | Identified Sif Muna's Papyrus of Poison
 35780 | Elf:2    | Found a huge runed gate.
 35785 | Elf:2    | Found a huge runed gate.
 35785 | Elf:2    | Found a huge runed gate.
 35786 | Elf:2    | Found a huge runed gate.
 35786 | Elf:2    | Found a huge runed gate.
 36541 | Elf:3    | Entered Level 3 of the Elven Halls
 37671 | Elf:3    | Reached skill level 21 in Shields
 37681 | Elf:3    | Got an uncursed encrusted war axe {pain}
 38019 | Elf:3    | Noticed a Brimstone Fiend
 38046 | Elf:3    | Identified the +3 war axe of the Sugar Beet {pain, rC+ Str+6} (You took it off a deep elf high priest on level 3 of the Elven Halls)
 38290 | Elf:3    | Reached skill level 15 in Armour
 38352 | Elf:3    | Received a gift from Okawaru
 38581 | Elf:3    | Identified Kutwoexo's Catalogue of the Lethal Entourage
 38593 | Elf:3    | Identified Vadoex's Sophisticated Witchcraft
 38692 | Elf:3    | Identified the Papyrus of the Torrid Traveller
 38955 | Elf:1    | Reached XP level 20. HP: 190/191 MP: 23/25
 39808 | D:12     | You paid a toll of 5 scrolls of blinking to enter a treasure trove
 39809 | Trove    | Entered a treasure trove
 39814 | Trove    | Got a crude hat
 39816 | Trove    | Got a pair of polished boots
 39820 | Trove    | Got a distressingly furry cloak
 39827 | Trove    | Got a faintly glowing ring mail
 39863 | Trove    | Identified the +5 hat "Beyned" {-Cast rElec MR+++ MP+9} (You found it in a treasure trove)
 39886 | Trove    | Identified the +0 pair of boots "Jyvaxzucs" {rCorr Dex-5 SInv} (You found it in a treasure trove)
 39909 | Trove    | Identified the +0 cloak of Levity {rF+ Slay+3} (You found it in a treasure trove)
 39954 | Trove    | Identified the +4 ring mail of the Blind Marksman {Slay+2} (You found it in a treasure trove)
 40105 | D:13     | Reached skill level 10 in Dodging
 40219 | Vaults:1 | Entered Level 1 of the Vaults
 40353 | Vaults:1 | Reached skill level 1 in Crossbows
 40865 | Vaults:1 | Reached skill level 5 in Crossbows
 41870 | Vaults:2 | Noticed Boris
 41893 | Vaults:2 | Killed Boris
 41893 | Vaults:2 | Received a gift from Okawaru
 42057 | Vaults:2 | Noticed Mennas
 42062 | Vaults:2 | Received a gift from Okawaru
 42096 | Vaults:2 | Killed Mennas
 42163 | Vaults:2 | Reached skill level 22 in Shields
 42306 | Vaults:2 | Received a gift from Okawaru
 42510 | Vaults:2 | Noticed Saint Roka
 42528 | Vaults:2 | Killed Saint Roka
 42530 | Vaults:2 | Reached XP level 21. HP: 123/201 MP: 21/26
 43117 | Vaults:3 | Found Juojoy's Distillery.
 43125 | Vaults:3 | Bought a potion of heal wounds for 90 gold pieces
 43125 | Vaults:3 | Bought a potion of heal wounds for 90 gold pieces
 43237 | Vaults:3 | Reached skill level 10 in Crossbows
 43923 | Vaults:3 | Found a staircase to the Crypt.
 44332 | Vaults:3 | Received a gift from Okawaru
 44730 | Vaults:4 | Received a gift from Okawaru
 45584 | Vaults:5 | Entered Level 5 of the Vaults
 45662 | Vaults:4 | Reached XP level 22. HP: 155/213 MP: 27/27
 45797 | Vaults:5 | Reached skill level 23 in Shields
 45841 | Vaults:5 | Received a gift from Okawaru
 45863 | Vaults:5 | Received a gift from Okawaru
 46369 | Vaults:5 | Noticed Boris
 46381 | Vaults:5 | Killed Boris
 46504 | Vaults:5 | Received a gift from Okawaru
 46555 | Vaults:5 | Received a gift from Okawaru
 46557 | Vaults:5 | Noticed an ancient lich
 46565 | Vaults:5 | Killed an ancient lich
 46776 | Vaults:5 | Noticed a golden dragon
 46783 | Vaults:5 | Killed a golden dragon
 46840 | Vaults:5 | Reached XP level 23. HP: 223/223 MP: 28/28
 47183 | Vaults:5 | Identified a +0 pair of boots of running (You found it on level 5 of the Vaults)
 47771 | Vaults:5 | Got a silver rune of Zot
 48192 | Vaults:3 | Reached skill level 24 in Shields
 48742 | Orc:2    | Bought a manual of Invocations for 1656 gold pieces
 48783 | Orc:2    | Bought a potion of haste for 150 gold pieces
 48783 | Orc:2    | Bought a potion of curing for 45 gold pieces
 48783 | Orc:2    | Bought a potion of heal wounds for 75 gold pieces
 48783 | Orc:2    | Bought 2 potions of curing for 90 gold pieces
 48783 | Orc:2    | Bought a potion of curing for 45 gold pieces
 48783 | Orc:2    | Bought a potion of heal wounds for 75 gold pieces
 48783 | Orc:2    | Bought a potion of curing for 45 gold pieces
 48783 | Orc:2    | Bought a potion of curing for 45 gold pieces
 48783 | Orc:2    | Bought a potion of ambrosia for 120 gold pieces
 48783 | Orc:2    | Bought a potion of berserk rage for 75 gold pieces
 48783 | Orc:2    | Bought a potion of ambrosia for 120 gold pieces
 48785 | Orc:2    | Bought a scroll of enchant armour for 105 gold pieces
 48785 | Orc:2    | Bought a scroll of enchant weapon for 105 gold pieces
 48785 | Orc:2    | Bought a scroll of summoning for 133 gold pieces
 48785 | Orc:2    | Bought a scroll of summoning for 133 gold pieces
 49354 | Snake:3  | Received a gift from Okawaru
 49388 | Snake:3  | Bought a manual of Crossbows for 1324 gold pieces
 49772 | Slime:1  | Entered Level 1 of the Pits of Slime
 49909 | Slime:1  | Reached skill level 15 in Crossbows
 50341 | Slime:2  | Received a gift from Okawaru
 52177 | Slime:4  | Received a gift from Okawaru
 52419 | Slime:4  | Reached skill level 10 in Invocations
 52732 | Slime:4  | Received a gift from Okawaru
 52733 | Slime:4  | Got a shimmering robe {god gift}
 52734 | Slime:4  | Identified the +2 robe of Itac {Regen+} (Okawaru gifted it to you on level 4 of the Pits of Slime)
 53185 | Slime:5  | Entered Level 5 of the Pits of Slime
 53223 | Slime:5  | Found a viscous altar of Jiyva.
 53228 | Slime:5  | Noticed the Royal Jelly
 53619 | Slime:5  | Gained mutation: You expend magic power (3 MP) to strengthen your wands. [a shining eye]
 53622 | Slime:5  | Gained mutation: Your spells are a little easier to cast, but a little less powerful. [a shining eye]
 53626 | Slime:5  | Gained mutation: Scrolls take you a little longer to read. [a shining eye]
 53627 | Slime:5  | Gained mutation: Your magical capacity is low. (-10% MP) [a shining eye]
 53633 | Slime:5  | Gained mutation: Armour fits poorly on your strangely shaped body. [a shining eye]
 54192 | Slime:5  | HP: 11/225 [acid (6)]
 54207 | Slime:5  | HP: 4/225 [acid (15)]
 54213 | Slime:5  | HP: 5/225 [acid blob/splash of acid (6)]
 54213 | Slime:5  | Splashed by an acid blob's acid

Skill      XL: |  1  2  3  4  5  6  7  8  9 10 11 12 13 14 15 16 17 18 19 20 21 22 23 |
---------------+----------------------------------------------------------------------+-----
Armour         | 4 5 6 7 8 9 11 12 13 14 15 16 | 16.0
Axes           | 3 4 5 6 7 9 11 13 14 16 17 18 19 20 21 22 23 | 23.1
Shields        | 4 5 6 7 9 10 11 13 14 16 17 19 20 21 22 23 24 | 24.3
Fighting       | 4 5 6 7 8 10 11 12 14 15 16 17 18 19 20 21 22 | 22.8
Dodging        | 1 2 4 7 8 9 10 | 10.9
Stealth        | 1 2 3 4 |  4.4
Invocations    | 2 3 4 5 6 8 9 10 | 10.9
Crossbows      | 9 12 14 16 | 16.7
Evocations     | |  0.1

Action                   |  1- 3 |  4- 6 |  7- 9 | 10-12 | 13-15 | 16-18 | 19-21 | 22-24 || total
-------------------------+-------+-------+-------+-------+-------+-------+-------+-------++-------
Melee: War axe           |   103 |   168 |   378 |   250 |       |       |    73 |       ||   972
       Headbutt          |    11 |    30 |    68 |   117 |   286 |   392 |   193 |    80 ||  1177
       Executioner's axe |       |       |       |   142 |       |       |       |       ||   142
       Broad axe         |       |       |       |   171 |  1145 |  1327 |   636 |   217 ||  3496
       Hand crossbow     |       |       |       |       |       |       |     1 |       ||     1
 Fire: Hand crossbow     |       |       |       |       |       |       |   842 |   851 ||  1693
Invok: Heroism           |       |       |       |     5 |    31 |    34 |    34 |    14 ||   118
       Finesse           |       |       |       |       |    16 |    20 |    15 |     9 ||    60
 Abil: Stop Flying       |       |       |       |       |       |     1 |       |       ||     1
Evoke: Wand              |       |       |       |     2 |       |       |       |       ||     2
  Use: Potion            |       |     2 |       |       |     2 |     1 |     3 |     7 ||    15
       Scroll            |       |       |     6 |    20 |    15 |     6 |     7 |    19 ||    73
 Stab: Distracted        |       |       |       |       |     1 |     2 |       |       ||     3
       Sleeping          |       |       |       |       |     1 |     6 |     1 |       ||     8
       Confused          |       |       |       |       |       |     1 |       |       ||     1
  Eat: Chunk             |       |     5 |    11 |    19 |    24 |    16 |    21 |     8 ||   104
       Royal jelly       |       |       |     1 |     1 |       |       |     1 |     1 ||     4
       Pizza             |       |       |     1 |     1 |     2 |    11 |       |     2 ||    17
       Beef jerky        |       |       |     1 |     1 |     5 |     1 |     1 |       ||     9
       Fruit             |       |       |       |       |     1 |     1 |       |       ||     2
       Meat ration       |       |       |       |       |       |     1 |     1 |       ||     2
       Bread ration      |       |       |       |       |       |       |     1 |     3 ||     4
Armor: Scale mail        |    57 |    24 |       |       |       |       |       |       ||    81
       Plate armour      |       |   104 |   173 |   278 |   173 |       |       |       ||   728
       Ring mail         |       |       |       |       |    71 |   185 |     2 |       ||   258
       Chain mail        |       |       |       |       |       |       |   257 |    43 ||   300
       Gold dragon scale |       |       |       |       |       |       |       |    94 ||    94
Dodge: Dodged            |    35 |    43 |    67 |   148 |   228 |   466 |   269 |   118 ||  1374
Block: Shield            |    60 |   117 |   121 |       |     1 |   343 |       |       ||   642
       Large shield      |       |       |   136 |   324 |   816 |   930 |  1253 |   536 ||  3995
       Reflection        |       |       |       |       |       |   130 |   150 |    90 ||   370
